 Dungeon Crawl Stone Soup version 0.28.0-53-g5a82cb258f (webtiles) character file.

Game seed: 14796863010464198734

18 hawla the Stinger (level 2, -2/15 HPs)
             Began as a Deep Elf Venom Mage on Aug 3, 2022.
             Slain by a quokka (5 damage)
             ... on level 1 of the Dungeon.
             The game lasted 00:02:41 (775 turns).

hawla the Stinger (Deep Elf Venom Mage)              Turns: 775, Time: 00:02:43

Health: -2/15      AC:  2    Str:  5    XL:     2   Next: 48%
Magic:  1/8        EV: 12    Int: 19    God:
Gold:   14         SH:  0    Dex: 15    Spells: 4/7 levels left

rFire   + . .      SeeInvis .   (no weapon)
rCold   . . .      Faith    .   (no shield)
rNeg    . . .      Spirit   .   a - +0 robe
rPois   .          Reflect  .   (no helmet)
rElec   .          Harm     .   (no cloak)
rCorr   .          Rampage  .   (no gloves)
Will    .....                   (no boots)
Stlth   ++........              (no amulet)
HPRegen 0.05/turn               c - ring of protection from fire
MPRegen 0.11/turn               (no ring)

@: no status effects
A: no striking features
a: no special abilities


You were on level 1 of the Dungeon.
You visited 1 branch of the dungeon, and saw 1 of its levels.

You collected 14 gold pieces.

Inventory:

Armour
 a - a +0 robe (worn)
Jewellery
 c - a ring of protection from fire (left hand)
Scrolls
 b - a scroll of vulnerability {unknown}
 d - a scroll of teleportation {unknown}
 e - a scroll of amnesia {unknown}


   Skills:
 * Level 0.3 Fighting
 + Level 2.4 Dodging
 + Level 2.6 Stealth
 + Level 3.2 Spellcasting
 + Level 1.3 Transmutations
 + Level 3.7 Poison Magic


You had 4 spell levels left.
You knew the following spells:

 Your Spells              Type           Power      Damage    Failure   Level
a - Sting                 Tmut/Pois      48%        1d5       5%          1
b - Poisonous Vapours     Pois/Air       20%        N/A       11%         2

Your spell library contained the following spells:

 Spells                   Type           Power      Damage    Failure   Level
 Mephitic Cloud           Conj/Pois/Air  7%         N/A       26%         3
 Olgreb's Toxic Radiance  Pois           17%        N/A       30%         4


Dungeon Overview and Level Annotations

Branches:
Dungeon (1/15)

Altars:


Message History

Press: ? - help, Shift-Dir - straight line, f - bat, p - quokka
Aim: a bat (57% to hit)
The sting hits the bat.
The bat is poisoned.
You kill the bat!
You hit the quokka.
The quokka is lightly wounded.
The quokka bites you.
You hit the quokka but do no damage.
The quokka is lightly wounded.
The quokka misses you.
You miss the quokka.
The quokka is heavily wounded.
The quokka bites you. x2
Your magical contamination has completely faded away.
You are too injured to fight recklessly!
Casting: Sting (safe; 5% risk of failure)
Confirm with . or Enter, or press ? or * to list all spells.
Aiming: Sting (safe; 5% risk of failure)
Press: ? - help, Shift-Dir - straight line, f - quokka
Aim: a quokka (severely wounded, poisoned, 60% to hit)
The sting misses the quokka.
The quokka bites you.
* * * LOW HITPOINT WARNING * * *
Casting: Sting (safe; 5% risk of failure)
Confirm with . or Enter, or press ? or * to list all spells.
You don't know that spell.
Sorry, you're not good enough to have a special ability.
Unknown command.
You are too injured to fight recklessly!
You are too injured to fight recklessly!
You are too injured to fight recklessly!
Casting: Sting (safe; 5% risk of failure)
Confirm with . or Enter, or press ? or * to list all spells.
Aiming: Sting (safe; 5% risk of failure)
Press: ? - help, Shift-Dir - straight line, f/p - quokka
Aim: a quokka (severely wounded, poisoned, 60% to hit)
The sting hits the quokka but does no damage.
The quokka looks even sicker.
The quokka is severely wounded.
The quokka bites you.
You die...

#. ########.# #.
#........# #. #........#
####. #........# #....
#...)....# #.## #....
#........# #..# #....
#........# #.###....
#....†r@.#######..#####'
########.#...........##.
########.............##)
#....................##)
#...........)...........
#.........######.##.....
...........#
#.....#.....
##.........#
#.....#.....
...........#
#.....##+##'


You could see a quokka (very poisoned).

Vanquished Creatures
  A dart slug (D:1)
  2 endoplasms (D:1)
  A giant cockroach (D:1)
  4 goblins (D:1)
  3 bats (D:1)
  3 kobolds (D:1)
14 creatures vanquished.

Notes
Turn   | Place    | Note
-------+----------+-------------------------------------------
     0 | D:1      | hawla the Deep Elf Venom Mage began the quest for the Orb.
     0 | D:1      | Reached XP level 1. HP: 10/10 MP: 6/6
   485 | D:1      | Reached XP level 2. HP: 8/15 MP: 1/8
   489 | D:1      | Learned a level 2 spell: Poisonous Vapours
   775 | D:1      | Slain by a quokka

Illustrated notes

Levels and vault maps discovered:
D:1:      mainiacjoe_arrival_reflecting_pool, layout_basic

Action                   || total
-------------------------++-------
Melee: Unarmed           ||     5
 Cast: Sting             ||    25
       Poisonous Vapours ||     2
Armor: Robe              ||     2
Dodge: Dodged            ||    11
